 Dungeon Crawl Stone Soup version 0.30-b1-2-g02819fbbbe (webtiles) character file.

Game seed: 2080338366107268893

8 Alarkh the Vexing (level 2, 21/21 HPs)
             Began as a Demonspawn Hexslinger on July 8, 2023.
             Got out of the dungeon alive.
             The game lasted 00:00:24 (579 turns).

Alarkh the Vexing (Demonspawn Hexslinger)            Turns: 579, Time: 00:00:24

Health: 21/21      AC:  2    Str: 10    XL:     2   Next: 0%
Magic:  3/3        EV: 12    Int: 14    God:
Gold:   13         SH:  0    Dex: 13    Spells: 2/3 levels left

rFire   + . .        a - +1 sling
rCold   . . .        (no shield)
rNeg    . . .        c - +0 robe
rPois   .            (no helmet)
rElec   .            (no cloak)
rCorr   .            (no gloves)
SInv    .            (no boots)
Will    .....        (no amulet)
Stlth   +            d - ring of protection from fire
HPRegen 0.23/turn    (no ring)
MPRegen 0.08/turn

%: no passive effects
@: no status effects
A: hooves 1
a: no special abilities


You escaped.
You visited 1 branch of the dungeon, and saw 1 of its levels.

You collected 13 gold pieces.

Inventory:

Hand Weapons
 a - a +1 sling (weapon)
Missiles
 i - a throwing net
Armour
 c - a +0 robe (worn)
Jewellery
 d - a ring of protection from fire (left hand)
 m - a ring of ice
Scrolls
 b - a scroll of poison
 g - a scroll of enchant weapon {unknown}
 h - a scroll of fear {unknown}
 j - a scroll of vulnerability {unknown}
 k - a scroll of noise {unknown}
 l - 2 scrolls of magic mapping {unknown}
Potions
 e - a potion of lignification {unknown}
 f - a potion of might {unknown}


   Skills:
 + Level 1.3 Fighting
 * Level 2.2 Ranged Weapons
 - Level 1.7 Dodging
 - Level 1.0 Spellcasting
 - Level 3.0 Hexes


You had 2 spell levels left.
You knew the following spells:

 Your Spells              Type           Power      Damage    Failure   Level
a - Slow                  Hex            36%        N/A       8%          1

Your spell library contained the following spells:

 Spells                   Type           Power      Damage    Failure   Level
 Inner Flame              Hex/Fire       4%         N/A       38%         3
 Portal Projectile        Hex/Tloc       8%         N/A       38%         3
 Cause Fear               Hex            4%         N/A       58%         4


Dungeon Overview and Level Annotations

Branches:
Dungeon (1/15)

Altars:


Innate Abilities, Weirdness & Mutations

You have large cloven feet.


Message History

The sling bullet hits the rat but does no damage.
You shoot a sling bullet.
The sling bullet closely misses the rat.
You shoot a sling bullet.
The sling bullet closely misses the rat.
You shoot a sling bullet. The sling bullet hits the rat.
You kill the rat!
You see here a rat corpse.
k - a scroll labelled TIOG YCOUDGHOEDGH You open the door.
There is an open door here.
You open the door.
There is an open door here.
You see here a +0 robe.
Found 4 poisoned darts.
Found a stone staircase leading down.
A bat comes into view.
A bat is nearby!
You shoot a sling bullet. The sling bullet hits the bat!
You kill the bat!
No target in view!
You see here a bat corpse.
l - 2 scrolls labelled LAKEGA RAOMUIP
Found a stone staircase leading down.
A kobold comes into view. It is wielding a +0 short sword.
You shoot a sling bullet.
The sling bullet hits the kobold but does no damage.
The kobold shouts!
You shoot a sling bullet. The sling bullet hits the kobold.
The kobold is moderately wounded.
You shoot a sling bullet. The sling bullet hits the kobold.
You kill the kobold!
You have reached level 2!
Your demonic ancestry asserts itself...
Your feet thicken and deform.
m - a ring of ice Unknown command.
There is a staircase leading out of the dungeon here.
Are you sure you want to leave the Dungeon?
This will make you lose the game!
You have escaped!

##..######...'...
♣...♣♣ #####...
♣♣.♣>♣ ##..
♣.♣.♣♣ ##.
♣♣♣♣..♣ ##
♣.♣.♣.♣ # ♣..♣♣♣♣
♣♣...♣♣ ♣..@..♣
##### ♣♣...♣♣
#.... ♣♣.♣♣
####.##. ♣.♣
#......# ♣♣.♣♣
####.#.. ♣.♣.♣
#.... .. ♣.♣.♣
##### .# ♣♣.♣♣♣
.# ♣...♣


There were no monsters in sight!

Vanquished Creatures
  2 bats (D:1)
  A ball python (D:1)
  A frilled lizard (D:1)
  2 goblins (D:1)
  2 kobolds (D:1)
  A rat (D:1)
9 creatures vanquished.

Notes
Turn   | Place    | Note
-------+----------+-------------------------------------------
     0 | D:1      | Alarkh the Demonspawn Hexslinger began the quest for the
                  | Orb.
     0 | D:1      | Reached XP level 1. HP: 15/15 MP: 2/2
   519 | D:1      | Gained mutation: You have large cloven feet. [demonic
                  | ancestry]
   519 | D:1      | Reached XP level 2. HP: 21/21 MP: 3/3
   579 | D:$      | Got out of the dungeon alive.

Illustrated notes

Levels and vault maps discovered:
D:1:      roderic_dead_forest, layout_loops_corners

Skill      XL: |  1 |
---------------+----+-----
Ranged Weapons | 2 |  2.2
Fighting       | |  1.3
Dodging        | |  1.7
Spellcasting   | |  1.0
Hexes          | |  3.0

Action                     || total
---------------------------++-------
   Fire: Sling             ||    26
  Dodge: Dodged            ||     5
